 Dungeon Crawl Stone Soup version 0.28-b1-25-g9875b3fc8c (webtiles) character file.

Game seed: 11483097728699792701

35 cbfl8 the Sneak (level 3, -11/33 HPs)
             Began as a Minotaur Delver on Feb 2, 2022.
             Shot with an arrow by a centaur (12 damage)
             ... on level 5 of the Dungeon.
             The game lasted 00:00:28 (136 turns).

cbfl8 the Sneak (Minotaur Delver)                    Turns: 136, Time: 00:00:29

Health: -11/33     AC:  3    Str: 18    XL:     3   Next: 16%
Magic:  2/2        EV: 12    Int:  7    God:
Gold:   0          SH:  0    Dex: 11    Spells: 2/2 levels left

rFire   . . .      SeeInvis .   a - +0 hand axe
rCold   . . .      Faith    .   (no shield)
rNeg    . . .      Spirit   .   b - +0 leather armour
rPois   .          Reflect  .   (helmet restricted)
rElec   .          Harm     .   (no cloak)
rCorr   .          Rampage  .   (no gloves)
Will    .....                   (no boots)
Stlth   ++........              (no amulet)
HPRegen 0.11/turn               (no ring)
MPRegen 0.08/turn               (no ring)

@: hasted (expiring), very quick
A: horns 2, retaliatory headbutt
a: no special abilities


You were on level 5 of the Dungeon.
You visited 1 branch of the dungeon, and saw 1 of its levels.

Inventory:

Hand Weapons
 a - a +0 hand axe (weapon)
Armour
 b - a +0 leather armour (worn)
Wands
 g - a wand of digging (3)
Scrolls
 c - a scroll of fog
 d - a scroll of magic mapping
 e - a scroll of fear
Potions
 h - a potion of lignification {unknown}


   Skills:
 + Level 4.0 Fighting
 + Level 2.8 Axes
 + Level 0.5 Armour
 + Level 2.3 Dodging
 + Level 4.6 Stealth


You had 2 spell levels left.
You didn't know any spells.
Your spell library was empty.

Dungeon Overview and Level Annotations

Branches:
Dungeon (5/15)
 Temple: D:4-7

Altars:


Innate Abilities, Weirdness & Mutations

You have a pair of horns on your head.
You reflexively headbutt those who attack you in melee.


Message History

You barely miss the bullfrog zombie.
The bullfrog zombie is almost destroyed.
The bullfrog zombie closely misses you. x2
You hit the bullfrog zombie but do no damage.
The bullfrog zombie is almost destroyed.
The bullfrog zombie barely misses you. You furiously retaliate!
You headbutt the bullfrog zombie!
You destroy the bullfrog zombie!
Your Fighting skill increases to level 4!
You have reached level 2!
You have reached level 3!
Your experience leads to an increase in your attributes!
Increase (S)trength, (I)ntelligence, or (D)exterity?
You feel stronger. x2
You start resting.
A howler monkey comes into view.
A howler monkey is nearby!
A howler monkey is nearby!
A howler monkey is nearby!
A howler monkey is nearby!
A howler monkey is nearby!
A howler monkey is nearby!
A howler monkey is nearby!
You close the door.
You start resting.
A howler monkey opens the door.
A howler monkey is nearby!
You close the door.
The howler monkey moves out of view.
You feel yourself speed up.
You open the door.
A centaur comes into view.
The centaur shouts!
The centaur wields a +0 shortbow.
The centaur shoots an arrow.
The arrow hits you!
* * * LOW HITPOINT WARNING * * *
There is an open door, spattered with blood here.
You close the door.
A centaur opens the door.
Your extra speed is starting to run out.
The centaur shoots an arrow.
The arrow hits you!
You die...

............#.........#
..........h#.........#
....######+##........#
.... #.....##...##...#
.. #..........######
#..........'....#
#.........c#....#
#.....##...#....#
########..@##...#
........# ...#
#.......# ...#
##......# ..# #......#
..# #.###### #. #


You could see a centaur.

Vanquished Creatures
  A bullfrog zombie (D:5)
  An adder skeleton (D:5)
2 creatures vanquished.

Notes
Turn   | Place    | Note
-------+----------+-------------------------------------------
     0 | D:5      | cbfl8 the Minotaur Delver began the quest for the Orb.
     0 | D:5      | Reached XP level 1. HP: 19/19 MP: 0/0
    43 | D:5      | Reached XP level 2. HP: 5/27 MP: 1/1
    43 | D:5      | Reached XP level 3. HP: 6/33 MP: 2/2
   130 | D:5      | Noticed a centaur
   131 | D:5      | HP: 1/33 [centaur/arrow (13)]
   136 | D:5      | Shot with an arrow by a centaur

Illustrated notes

Levels and vault maps discovered:
D:5:      layout_gridville, old_standard_altar, makhleb_grotto_becter,
          trog_hazing_becter, minmay_temple_entry_purple_smoke,
          uniq_crazy_yiuf_cottage

Skill      XL: |  1 |
---------------+----+-----
Fighting       | 4 |  4.0
Axes           | |  2.8
Armour         | |  0.5
Dodging        | |  2.3
Stealth        | |  4.6

Action                   || total
-------------------------++-------
Melee: Hand axe          ||    17
       Headbutt          ||     3
  Use: Potion            ||     1
Armor: Leather armour    ||     3
Dodge: Dodged            ||    15
